[Event "1st Kallai Gabor Memorial 2022"]
[Site "Budapest"]
[Date "2022.11.30"]
[Round "8.2"]
[White "Bjerre, Jonas Buhl"]
[Black "Beliavsky, Alexander G"]
[Result "1-0"]
[ECO "C92"]
[WhiteElo "2622"]
[BlackElo "2487"]
[Annotator "TA"]
[PlyCount "65"]
[EventDate "2022.11.28"]
[EventType "tourn"]
[EventCountry "HUN"]
[SourceTitle "playchess.com"]
[Source "ChessBase"]
[SourceQuality "1"]
[TimeControl "1500+5"]

1. e4 e5 2. Nf3 Nc6 3. Bb5 a6 4. Ba4 Nf6 5. O-O Be7 6. Re1 b5 7. Bb3 d6 8. c3 O-O 9. h3 Bb7 10. d4 Re8 11. Nbd2 Bf8 12. a4 h6 13. d5 Nb8 14. c4 bxc4 {[%emt 0:00:09] C92: Closed Ruy Lopez: 9...Be6, Karpov and Flohr-Zaitsev Variations.} 15. Bxc4 c6 16. dxc6 Bxc6 {[%emt 0:00:02] The position is equal.} 17. b3 Nbd7 18. Ba3 Qb6 19. Nh4 (19. Bxd6 {keeps more tension.} Bxd6 20. Bxf7+ Kxf7 21. Nc4) 19... Qb7 20. Nf5 Nc5 21. Bxc5 dxc5 22. Qf3 {[%emt 0:00:12][%cal Of5h6] [#] Hoping for Nxh6+!} Nh7 $146 ({Better is} 22... Rad8 $14 23. Rad1 Kh7) ({Predecessor:} 22... Red8 23. Ra2 Kh7 24. Ng3 Qe7 25. h4 Bd7 26. Nf5 Bxf5 27. exf5 Ra7 28. a5 Rd4 {1-0 (49) Kokarev,D (2639)-Predke,A (2492) Ekaterinburg 2013}) 23. h4 {[%emt 0:00:41] White has more active pieces. The black rooks are badly placed.} Rad8 24. Rad1 g6 {[%emt 0:00:26] Inhibits Qh5.} 25. Ne3 Rd4 26. Nd5 (26. h5 $16 Kg7 27. Qe2 (27. hxg6 fxg6 28. Qe2 a5 $16)) 26... h5 (26... Bxd5 $14 27. Bxd5 Qe7) 27. Qg3 Kg7 28. Nf3 {[%emt 0:01:45][%csl LRd4,LRe5] Pair of Knights!} Rxd1 29. Rxd1 Qb8 {[#]} (29... Bxd5 $16 30. Bxd5 (30. Rxd5 Nf6 $16) 30... Qc7) 30. Ng5 $1 $18 {And now Nxh7 would win.} (30. Bxa6 Bxd5 31. Rxd5 Qxb3 $11) 30... Nxg5 31. Qxg5 Bxd5 32. Rxd5 {[%emt 0:00:02] Black must now prevent Rd7.} (32. Bxd5 Be7 33. Qg3 Rd8) 32... f6 $2 (32... Qb7 $16 33. Qd2 (33. Rxe5 $2 f6 $19) 33... Qc8) 33. Qd2 {Weighted Error Value: White=0.16 (very precise) /Black=0.43} ({Less strong is} 33. Rd7+ Re7 34. Qd2 Rxd7 35. Qxd7+ Kh6 36. Qd2+ (36. Bxa6 Qxb3 37. a5 c4 $18) 36... Kg7 $18) 1-0

[Event "1st Kallai Gabor Memorial 2022"]
[Site "Budapest"]
[Date "2022.11.30"]
[Round "8.3"]
[White "Ruck, Robert"]
[Black "Gaal, Zsoka"]
[Result "1-0"]
[ECO "A06"]
[WhiteElo "2537"]
[BlackElo "2286"]
[Annotator "TA"]
[PlyCount "99"]
[EventDate "2022.11.28"]
[EventType "tourn"]
[EventCountry "HUN"]
[SourceTitle "playchess.com"]
[Source "ChessBase"]
[SourceQuality "1"]
[TimeControl "1500+5"]

1. Nf3 d5 2. g3 Nc6 3. Bg2 e5 4. d3 Be6 5. Ng5 Bc8 6. c3 {[%emt 0:02:29] A07: Réti Opening: New York and Capablanca Systems.} f6 7. Nf3 Be6 8. Nbd2 {[%emt 0:00:25] The position is equal.} Qd7 9. b4 g5 10. Nb3 h5 {[%emt 0:01:43] [#]} 11. h4 $146 ({Predecessor:} 11. O-O O-O-O 12. b5 Nb8 13. a4 Bh3 14. Qc2 Bxg2 15. Kxg2 h4 16. e4 hxg3 17. fxg3 Qh3+ 18. Kg1 dxe4 19. dxe4 {0-1 (26) Bacrot,N-Delorme,L Romans 1999}) 11... g4 12. Nfd2 Bd6 13. Rb1 Nge7 14. Nc5 Bxc5 15. bxc5 Nd8 16. d4 c6 (16... e4 $14) 17. O-O Bf7 {[%emt 0:01:57] [#]} (17... Nf7 $14) 18. dxe5 $1 $16 {[%emt 0:00:56] White is more active.} fxe5 19. c4 Bg6 20. Rb4 ({White should try} 20. e4 $16) 20... Ne6 (20... d4 $1 $11) 21. cxd5 {[%emt 0:00:26] White leaves nothing to chance now.} Nxd5 22. Ne4 Bxe4 (22... O-O $16 {keeps fighting.}) 23. Rxe4 $18 O-O-O 24. Rxe5 Nxc5 (24... Ndc7 {was necessary.} 25. Qxd7+ Rxd7) 25. Bxd5 cxd5 26. Be3 Ne4 27. Bxa7 Rh6 28. Be3 {[%emt 0:00:12] Against b6} Rc6 29. Rxh5 {[%emt 0:00:26] And now Qa4 would win.} Nc3 {[%emt 0:00:05] Against Qa4} 30. Qd3 d4 31. Bf4 Re8 32. Re1 b5 {[%emt 0:00:59] [#]} (32... Re4 $142 33. Rh8+ Re8) 33. e4 $2 (33. Rb1 $1 Kd8 (33... Nxe2+ 34. Kh2) 34. Rb2) 33... Kb7 $2 (33... dxe3 34. Rxe3 Qxd3 35. Rxd3 Ne2+ 36. Kg2 Nxf4+ 37. gxf4 Rc1) 34. e5 (34. Rxb5+ $142 Rb6 35. Rxb6+ Kxb6 36. Bd2) 34... Qd5 35. Rh7+ Ka6 36. h5 Na4 (36... Kb6 $142 37. a3 Na4) 37. h6 Rc3 38. Qe4 Qxe4 39. Rxe4 d3 40. Rd7 Nc5 41. Rd6+ Kb7 42. Re1 Rc2 43. Kg2 Rxa2 44. h7 b4 45. Rh1 Rh8 46. Be3 b3 47. Bxc5 b2 48. Bd4 {[%emt 0:00:07] e6 would kill now.} Rxh7 49. Rb6+ Kc8 50. Rxh7 {[%emt 0:00:02] Weighted Error Value: White=0.71/Black=0.61} 1-0

[Event "1st Kallai Gabor Memorial 2022"]
[Site "Budapest"]
[Date "2022.11.30"]
[Round "8.4"]
[White "Berkes, Ferenc"]
[Black "Troff, Kayden"]
[Result "1-0"]
[ECO "A49"]
[WhiteElo "2643"]
[BlackElo "2483"]
[Annotator "TA"]
[PlyCount "75"]
[EventDate "2022.11.28"]
[EventType "tourn"]
[EventCountry "HUN"]
[SourceTitle "playchess.com"]
[Source "ChessBase"]
[SourceQuality "1"]
[TimeControl "1500+5"]

1. d4 Nf6 2. Nf3 g6 3. g3 Bg7 4. Bg2 O-O 5. O-O d5 6. c3 b6 7. c4 $1 {[%emt 0:00:02][%mdl 4] now scores much better than the old 7.Nbd2. D02: 1 d4 d5 2 Nf3 sidelines, including 2...Nf6 3 g3 and 2...Nf6 3 Bf4.} e6 8. cxd5 exd5 9. Nc3 {[%emt 0:00:04] The position is equal.} Bb7 10. Bf4 c5 11. Rc1 Na6 12. Be5 {[%emt 0:03:52] [#]} Qd7 $146 ({Predecessor:} 12... Re8 13. e3 Qe7 14. Qa4 Nc7 15. Rfd1 Ne6 16. dxc5 bxc5 17. Bxf6 Qxf6 18. Nxd5 Bxd5 19. Rxd5 Qxb2 {0-1 (43) Petursson,M (2520)-Grandelius,N (2647) Berlin 2015}) 13. Ne1 Rfe8 14. Nd3 Rac8 15. Nf4 {[%emt 0:00:11] Hoping for Bh3.} Nc7 16. Bh3 (16. Bxf6 {simplifies} Bxf6 17. dxc5 bxc5 18. Na4) 16... Ne6 17. dxc5 (17. e3 {is interesting.} Bc6 18. dxc5 bxc5 19. Bxf6 Bxf6 20. Ncxd5 Bxb2 21. Qb3) 17... bxc5 {[%emt 0:03:30] [#]} (17... d4 $11 {and Black stays safe.} 18. c6 Qxc6) 18. Bxf6 $1 $18 Bxf6 19. Ncxd5 Bxd5 20. Nxd5 Qd8 21. Rc2 Bd4 22. Bg2 Qa5 23. e3 Bg7 24. b3 Nc7 25. Rd2 Nb5 26. h4 c4 27. bxc4 Rxc4 28. h5 Rc5 29. h6 Nc3 30. Qb3 Nxd5 31. Bxd5 Rc7 32. Rc2 Bxh6 {[%emt 0:00:05] [#]} 33. Rfc1 $1 Rce7 34. Rc8 Rf8 35. Rxf8+ ({White should play} 35. R1c5 $16 Qb6 36. Qc3) 35... Bxf8 $14 36. Rc8 (36. Rc6 $1 $14) 36... Qb6 (36... Rc7 $11 37. Rxc7 Qxc7) 37. Qc3 $16 {[%emt 0:00:07][%cal Oc8f8] Threatening mate with Rxf8+! White has more active pieces.} Qd6 $2 {[%emt 0:00:04] [#]} (37... Rd7 $16 38. e4 Qd6) 38. Rxf8+ $1 {[%emt 0:00:03][%mdl 512] Weighted Error Value: White=0.12 (very precise) /Black=0.44} 1-0

[Event "1st Kallai Gabor Memorial 2022"]
[Site "Budapest"]
[Date "2022.11.30"]
[Round "8.5"]
[White "Borhy, Marcell"]
[Black "Horvath, Csaba"]
[Result "1/2-1/2"]
[ECO "A05"]
[WhiteElo "2407"]
[BlackElo "2502"]
[Annotator "TA"]
[PlyCount "33"]
[EventDate "2022.11.28"]
[EventType "tourn"]
[EventCountry "HUN"]
[SourceTitle "playchess.com"]
[Source "ChessBase"]
[SourceQuality "1"]
[TimeControl "1500+5"]

1. Nf3 Nf6 2. c4 b6 3. g3 Bb7 4. Bg2 g6 5. O-O Bg7 6. d4 O-O 7. Qc2 {[%emt 0:01:02] 7.Re1 is the recent fashion.} Na6 {[%emt 0:01:09] A50: Queen's Fianchetto Defence (1 d4 Nf6 2 c4 b6).} 8. Nc3 {[%emt 0:00:42] [#]} d5 $146 {Against e4} ({Predecessor:} 8... c5 9. d5 d6 10. e4 Bc8 11. h3 Nc7 12. Re1 Nd7 13. Bf4 f6 14. Be3 Rb8 15. Bf1 {1-0 (44) Munoz Galvez,J (2254)-Alvarez,A (1943) Medellin 2011}) 9. cxd5 {aiming for e4.} Nb4 {[%emt 0:00:43] Inhibits e4. The position is equal.} 10. Qb3 Nbxd5 11. Rd1 Qc8 12. Bg5 Nxc3 13. bxc3 c5 14. Qa3 Ne4 15. Bf4 e6 16. Rac1 Rd8 17. Ng5 {Weighted Error Value: White=0.06 (flawless) /Black=0.02 (flawless)} 1/2-1/2

[Event "1st Kallai Gabor Memorial 2022"]
[Site "Budapest"]
[Date "2022.11.30"]
[Round "9.1"]
[White "Kozak, Adam"]
[Black "Bjerre, Jonas Buhl"]
[Result "1/2-1/2"]
[ECO "E47"]
[WhiteElo "2538"]
[BlackElo "2622"]
[Annotator "TA"]
[PlyCount "124"]
[EventDate "2022.11.28"]
[EventType "tourn"]
[EventCountry "HUN"]
[SourceTitle "playchess.com"]
[Source "ChessBase"]
[SourceQuality "1"]
[TimeControl "1500+5"]

1. d4 Nf6 2. c4 e6 3. Nc3 Bb4 4. e3 O-O 5. Bd3 c5 6. Nge2 cxd4 7. exd4 d5 8. cxd5 Nxd5 9. O-O Nc6 10. a3 Be7 11. Re1 {[%emt 0:01:42] 11.Nxd5 is setting a new trend. E48: Nimzo-Indian: Rubinstein: 5 Bd3 d5 including 6 Ne2, but excluding 6 a3.} Nxc3 12. bxc3 b6 {[%emt 0:00:09] [#]} 13. Nf4 $146 {[%emt 0:02:11] Qh5 is the strong threat. White is slightly better.} ({Predecessor:} 13. Ng3 Bb7 14. Qh5 g6 15. Qh3 Bf6 16. Ne4 Bg7 17. Ng5 h6 18. Nxe6 fxe6 19. Qxe6+ {0-1 (107) Saydaliev,S (2366)-Vokhidov,S (2521) Chess.com INT 2021}) 13... g6 {[%emt 0:01:22] Inhibits Qh5.} 14. Qe2 (14. Qg4 $14) 14... Bf6 {[%emt 0:01:12] [#]} (14... Bb7 $11 {remains equal.}) 15. Nh5 $1 {[%emt 0:01:18][%cal Oe2f3] Black must now prevent Qf3!} Bh8 16. Bh6 $1 $36 {[%emt 0:01:01][%mdl 2048] Black is under strong pressure.} Re8 17. Qg4 {[%emt 0:02:33] Prevents Qh4.} e5 (17... Ne5 $2 18. Rxe5 (18. dxe5 Qxd3 19. Rad1 Qf5 $16) 18... Bd7 19. Qf4 $1 $18) 18. Qg3 ({Reject} 18. Qf3 $6 Bb7 19. Bc4 Qe7 $11) 18... Bb7 19. Bg5 $1 Qd6 20. Rad1 Qxa3 (20... gxh5 $2 21. Bh6+ $18) (20... Na5 $142) 21. d5 $1 $16 Ne7 22. d6 ({Much less strong is} 22. c4 Qd6 $16) 22... Qxd6 {[%emt 0:01:19] Strongly threatening ...Qe6.} 23. Bb5 $1 {[%emt 0:00:01][%csl LRd6,LRe8][%mdl 64] Discovered Attack} Qe6 {[%emt 0:00:32] Hoping for ...Bc6.} 24. Bd7 {[%emt 0:00:16] Inhibits Bc6. White has more active pieces.} Nf5 {[%emt 0:00:25] [#]} 25. Qh3 Qc4 {[%emt 0:00:37] [#]} 26. Nf6+ $1 Bxf6 27. Bxf6 Re6 28. Bxe6 {[%emt 0:02:38] The board is on fire.} Qxe6 29. Bxe5 Qc6 30. Qg4 h5 (30... Nh6 $16 {was worth a try.} 31. Qf3 Qxf3 32. gxf3 Bxf3) 31. Qg5 $18 Kh7 32. f3 a5 (32... Qc5+ $142 33. Bd4 (33. Kh1 Bd5 $16) 33... Nxd4 34. Qxc5 bxc5) 33. Qf6 Qxf6 34. Bxf6 Bc6 35. Kf2 b5 36. g4 {[%emt 0:00:07] Prevents a4.} hxg4 37. fxg4 Nh6 38. h3 {[%emt 0:00:01] aiming for Rd6.} Ng8 (38... a4 {is a better defense.} 39. Rd6 Be8) 39. Be5 Re8 40. Bd4 (40. g5 $142 Ne7 41. Bf6) 40... Ra8 41. Re5 Nf6 (41... b4 $142 42. Rc5 Ra6 43. cxb4 axb4) 42. Re7 Ne4+ 43. Ke3 Nd6 44. Kf4 Kg8 45. Rc7 Be8 46. Bf6 {[%emt 0:00:06] Inhibits b4.} Nc4 47. Rd8 Rxd8 48. Bxd8 {[%emt 0:00:00][%mdl 4096] Endgame KRB-KBN} a4 49. Ra7 Bc6 50. Bf6 Nb6 (50... a3 $142 51. Rc7 Be8) 51. Ra6 Nd5+ 52. Ke5 Nxf6 53. Kxf6 $2 {[%emt 0:00:05] KR-KB} (53. Rxc6 Nd7+ 54. Kd6) 53... Bd5 54. Ra7 Be6 55. Ra8+ Kh7 56. Ra5 Bc4 57. h4 Kh6 58. Ra8 Kh7 {[%emt 0:00:01] Against Rh8+} 59. Ra7 Kg8 60. Ra5 Kh7 61. Ra6 Kg8 62. Ra5 Kh7 {[%emt 0:00:01] Weighted Error Value: White=0.19 (very precise) /Black=0.26 (precise)} 1/2-1/2

[Event "1st Kallai Gabor Memorial 2022"]
[Site "Budapest"]
[Date "2022.11.30"]
[Round "9.2"]
[White "Troff, Kayden"]
[Black "Borhy, Marcell"]
[Result "1-0"]
[ECO "B23"]
[WhiteElo "2483"]
[BlackElo "2407"]
[Annotator "TA"]
[PlyCount "81"]
[EventDate "2022.11.28"]
[EventType "tourn"]
[EventCountry "HUN"]
[SourceTitle "playchess.com"]
[Source "ChessBase"]
[SourceQuality "1"]
[TimeControl "1500+5"]

1. e4 c5 2. Nc3 d6 3. f4 g6 4. Nf3 Bg7 5. Bc4 Nc6 6. O-O e6 7. d4 {B23: Closed Sicilian: Lines without g3.} cxd4 8. Nb5 a6 {[%emt 0:01:47] Against e5} 9. Nbxd4 {[%emt 0:00:04] The position is equal.} Nxd4 10. Nxd4 Nf6 11. f5 gxf5 (11... e5 $5 12. Bg5 (12. fxg6 hxg6 13. Bg5 O-O $11) 12... O-O $11) 12. exf5 {[%emt 0:00:03] [#]} d5 $146 (12... e5 {is interesting.} 13. Nf3 Qc7 14. Bb3 Bd7) ({Predecessor:} 12... e5 13. Nf3 {0-1 (13) Lazov,T (2350)-Nevednichy,V (2472) Skopje 2022}) 13. Bb3 e5 14. Nf3 Bxf5 15. Nxe5 (15. Bg5 {keeps more tension.} Be6 16. Nxe5 Qc7 17. Nd3) 15... Be6 16. Be3 O-O 17. Kh1 {[%emt 0:01:12] White is much more active. The black rooks are badly placed.} (17. c3 $16) 17... Ne4 $14 18. Qh5 f5 19. Nd3 Qe8 20. Qxe8 Raxe8 21. Nf4 {[%emt 0:02:18][%cal Of4e6] [#] Prevents d4. aiming for Nxe6!} (21. Nc5 $5 Bf7 22. Rxf5 $16) 21... Bf7 22. c3 (22. Nxd5 {seems wilder.} Bxb2 23. Rad1 Nc3 24. Nf6+) 22... Ng3+ 23. hxg3 Rxe3 24. Nxd5 Re5 25. Rad1 Kh8 (25... a5 $14) 26. Nf4 $16 Bxb3 27. axb3 Rb5 28. Ne6 Rg8 29. Rd7 Rb6 (29... Rxb3 $16 30. Rxf5 Rb6) 30. Nd8 $18 Bf6 31. Nf7+ Kg7 32. Rxf5 Kg6 33. Rf4 {[%emt 0:00:01] Black must now prevent Rg4+.} h5 {[%emt 0:00:08] [#] Against Rg4+} (33... Re8 $16 {keeps fighting.}) 34. g4 $1 Rg7 (34... h4 $142 35. g5 Rf8 36. gxf6 (36. Rxf6+ Rxf6 37. gxf6 Rxf7 $18) 36... Rxf7 37. Rxf7 Kxf7) 35. gxh5+ Kxh5 36. Rd6 (36. Rf3 $18 {and White stays clearly on top.}) 36... Bg5 $2 (36... Rxd6 $16 37. Nxd6 Bg5) 37. Rf3 $2 ({Less strong is} 37. Rxb6 Bxf4 38. Rxb7 Rg8 $18) (37. Rd5 $18 {and the rest is easy.}) 37... Rxd6 $16 38. Nxd6 Kg4 (38... Re7 $16) 39. Ne4 $18 Bf4 $2 (39... Re7) 40. Nf2+ Kf5 41. Nh3 {[%emt 0:00:03] Weighted Error Value: White=0.25 (precise) /Black=0.30} 1-0

[Event "1st Kallai Gabor Memorial 2022"]
[Site "Budapest"]
[Date "2022.11.30"]
[Round "9.3"]
[White "Gaal, Zsoka"]
[Black "Berkes, Ferenc"]
[Result "0-1"]
[ECO "A04"]
[WhiteElo "2286"]
[BlackElo "2643"]
[Annotator "TA"]
[PlyCount "102"]
[EventDate "2022.11.28"]
[EventType "tourn"]
[EventCountry "HUN"]
[SourceTitle "playchess.com"]
[Source "ChessBase"]
[SourceQuality "1"]
[TimeControl "1500+5"]

1. Nf3 d6 2. d4 Nf6 3. c4 Nbd7 4. g3 e5 5. Bg2 c6 6. Nc3 Be7 7. O-O O-O 8. e4 Re8 9. h3 a6 10. a4 a5 11. Be3 exd4 12. Nxd4 {[%emt 0:00:12] A55: Old Indian Defence with Nf3 and e4.} (12. Qxd4 Nc5 $11) 12... Bf8 13. Qc2 Nc5 14. Rad1 {[%emt 0:00:46][%cal Od4c6] White is slightly better.} Na6 $5 {[%emt 0:01:13][%mdl 4] Leaves trodden paths.} 15. Qb1 Nb4 16. Rfe1 Nd7 17. f4 Qc7 18. Kh2 Nc5 {[%emt 0:00:03] [#]} 19. b3 $146 ({Predecessor:} 19. g4 Bd7 20. Kh1 Rad8 21. Re2 Bc8 22. b3 Qb8 23. Red2 b6 24. Nde2 Bb7 25. Bf2 {0-1 (44) Partos,C (2343)-Merkel,M (2193) Baden 2010}) 19... g6 20. Bf2 Bd7 21. Na2 Nxa2 22. Qxa2 Bg7 23. Qc2 Qb6 24. Nf3 Qxb3 25. Qxb3 Nxb3 26. Rd3 ({Reject} 26. Rxd6 Be6 $11) 26... Na1 27. Rc1 ({White should play} 27. Rxd6 $16 Bc8 28. Red1) 27... Rxe4 $15 28. Nd4 {[%emt 0:01:44] [#] Against Re2. Black continues to play with concentration.} (28. Rxd6 $15 Bf5 29. g4 (29. Nd4 Rxd4 30. Bxd4 Bxd4 $17)) 28... Rxd4 $1 $17 29. Bxd4 Bxd4 30. Rxd4 Nb3 31. Rxd6 Nxc1 32. Rxd7 {[%emt 0:00:01][%mdl 4096] Endgame [#] KRB-KRN} Rb8 33. Rd1 (33. Rd2 $17) 33... Nb3 $19 34. Rb1 Nd2 35. Rc1 Rd8 36. Rd1 Rd4 {[%emt 0:00:37] Prevents Bd5.} 37. Kg1 Nb3 38. Rxd4 Nxd4 {[%emt 0:00:02] KB-KN} 39. Kf2 Kf8 40. Be4 Ke7 {[%emt 0:00:02] Hoping for ...Kd6.} 41. Ke3 Ne6 42. f5 Ng5 43. fxg6 fxg6 {[%emt 0:00:04] ...Nxe4 is the strong threat.} (43... Nxh3 $2 44. gxh7 Ng5 45. h8=Q $18) ({Weaker is} 43... hxg6 44. Bg2 $17) 44. Bg2 Kd6 {[%emt 0:00:05] Threatens to win with ...Kc5.} 45. Kd4 $2 (45. h4 Ne6 46. Bf3) 45... Ne6+ {[%emt 0:00:03] Black is clearly winning.} 46. Ke3 Nc5 47. h4 Ke5 48. h5 gxh5 49. Bf3 Nxa4 50. Bxh5 Nc5 {[%emt 0:00:14] aiming for ...a4.} 51. Bd1 a4 {Weighted Error Value: White=0.58/Black=0.07 (flawless)} 0-1

[Event "1st Kallai Gabor Memorial 2022"]
[Site "Budapest"]
[Date "2022.11.30"]
[Round "9.4"]
[White "Beliavsky, Alexander G"]
[Black "Ruck, Robert"]
[Result "1/2-1/2"]
[ECO "D91"]
[WhiteElo "2487"]
[BlackElo "2537"]
[Annotator "TA"]
[PlyCount "89"]
[EventDate "2022.11.28"]
[EventType "tourn"]
[EventCountry "HUN"]
[SourceTitle "playchess.com"]
[Source "ChessBase"]
[SourceQuality "1"]
[TimeControl "1500+5"]

1. d4 Nf6 2. c4 g6 3. Nc3 d5 4. Nf3 Bg7 5. Bg5 Ne4 6. Bh4 Nxc3 7. bxc3 dxc4 8. Qa4+ Qd7 9. Qxc4 b6 10. Qb3 Ba6 11. e3 Bxf1 12. Kxf1 Nc6 {[%emt 0:00:04] The position is equal.} 13. Kg1 {[%emt 0:02:29] [#] D91: Grünfeld: 4 Nf3 Bg7 5 Bg5.} O-O $146 ({Predecessor:} 13... Na5 14. Qc2 c5 15. Qe4 Rc8 16. h3 f5 17. Qd3 e5 18. Qe2 Qe6 19. Qb5+ Nc6 20. Nxe5 Bxe5 21. dxe5 Qxe5 {0-1 (30) Williams,C-Greenfeld,A (2539) Jersey 2004}) 14. Qa3 Rfe8 15. Bg3 Na5 16. h3 Rac8 (16... Nc4 {feels hotter.} 17. Qb3 Nd6 18. Ne5 Bxe5 19. Bxe5 c5) 17. Kh2 c5 18. Rhd1 cxd4 19. cxd4 Qd5 20. Rac1 e6 21. Qb2 Qb7 22. Qb5 a6 23. Qb1 Nc4 24. Nd2 Nxd2 25. Rxd2 Rxc1 26. Qxc1 Rc8 27. Rc2 Rxc2 28. Qxc2 $11 {[%emt 0:00:02][%mdl 4096] Endgame KQB-KQB} h5 29. Qc7 Qxc7 30. Bxc7 {[%emt 0:00:01] KB-KB} b5 31. Kg1 Kf8 32. Kf1 Ke7 33. Ke2 Kd7 34. Ba5 e5 35. dxe5 Bxe5 36. Kd3 f5 37. e4 Ke6 38. f3 Bg3 39. Kd4 Bf2+ 40. Kd3 Bg3 41. Bc3 Kd6 42. Bb4+ Ke6 43. Bc3 Kd6 44. Bb4+ Ke6 45. Bc3 {A balanced but interesting game.   Weighted Error Value: White=0.03 (flawless) /Black=0.03 (flawless)} 1/2-1/2

[Event "1st Kallai Gabor Memorial 2022"]
[Site "Budapest"]
[Date "2022.11.30"]
[Round "9.5"]
[White "Horvath, Csaba"]
[Black "Motylev, Alexander"]
[Result "1/2-1/2"]
[ECO "D45"]
[WhiteElo "2502"]
[BlackElo "2628"]
[Annotator "TA"]
[PlyCount "39"]
[EventDate "2022.11.28"]
[EventType "tourn"]
[EventCountry "HUN"]
[SourceTitle "playchess.com"]
[Source "ChessBase"]
[SourceQuality "1"]
[TimeControl "1500+5"]

1. d4 d5 2. c4 c6 3. Nc3 Nf6 4. e3 e6 5. Nf3 Nbd7 6. Qc2 Bd6 7. Bd3 O-O 8. O-O dxc4 9. Bxc4 e5 10. h3 Bb8 {D46: Semi-Slav: 5 e3 Nbd7 6 Bd3, Black avoids the Meran.} 11. Rd1 {[%emt 0:03:13] [#] Hoping for dxe5.} Qe7 {[%emt 0:00:39] [#]} 12. e4 $146 ({Predecessor:} 12. a4 h6 13. b3 Rd8 14. Ba3 Qe8 15. Nh4 Nb6 16. Ng6 Nxc4 17. Ne7+ Kh8 18. bxc4 Bd6 19. Bxd6 Rxd6 {1-0 (46) Kogan,A (2465)-Novikov,I (2590) Cappelle la Grande 1995}) 12... exd4 13. Nxd4 ({But not} 13. Rxd4 Ne5 14. Be2 Nxf3+ 15. Bxf3 Qe5 $17) 13... Ne5 {[%emt 0:00:04] Inhibits f4.} 14. Bf1 Re8 15. Be3 (15. f4 $5 ) 15... c5 16. Nb3 b6 17. Nd2 (17. Bg5 $14) 17... Nc6 18. Nf3 Nb4 (18... Nxe4 19. Qxe4 Qxe4 20. Nxe4 Rxe4 21. Bb5 $16) (18... h6 $11) 19. Qd2 {[%emt 0:01:06] Strongly threatening Bb5.} Bb7 ({Don't play} 19... Nxe4 20. Nxe4 Qxe4 21. Ng5 $16) 20. a3 {Weighted Error Value: White=0.19 (very precise) /Black=0.20 (precise)} 1/2-1/2